 Dungeon Crawl Stone Soup version 0.23-a0-483-g32a748b514 (webtiles) character file.

752 Octopork the Poker (level 7, 0/50 HPs)
             Began as an Octopode Fighter on Nov 30, 2018.
             Slain by an orc (5 damage)
             ... on level 5 of the Dungeon.
             The game lasted 00:16:37 (6177 turns).

Octopork the Poker (Octopode Fighter)               Turns: 6177, Time: 00:16:38

Health: 0/50       AC:  1    Str: 15    XL:     7   Next: 78%
Magic:  7/7        EV: 12    Int: 13    God:
Gold:   309        SH:  9    Dex: 11    Spells: 6/6 levels left

rFire    + . .     SeeInvis .   a - +0 trident
rCold    . . .     Gourm    .   b - +0 shield
rNeg     . . .     Faith    .   (helmet restricted)
rPois    .         Spirit   .   (no amulet)
rElec    .         Reflect  .   k - ring of protection from magic {MR+}
rCorr    .         Harm     .   p - ring of protection from fire {rF+}
MR       +....                  (no ring)
Stlth    ++........             (no ring)
HPRegen  0.16/turn              (no ring)
MPRegen  0.10/turn              (no ring)
                                (no ring)
                                (no ring)

@: no status effects
A: almost no armour, stealthy swim, amphibious, 8 rings, constrict 8, camouflage
1, gelatinous body 1
a: no special abilities


You were on level 5 of the Dungeon.
You were hungry.

You visited 1 branch of the dungeon, and saw 5 of its levels.

You collected 309 gold pieces.

Inventory:

Hand Weapons
 a - a +0 trident (weapon)
Missiles
 e - 41 sling bullets {@Q1}
 h - 174 stones {@Q2}
 q - 7 tomahawks of returning (quivered)
 s - 15 poisoned needles
Armour
 b - a +0 shield (worn)
Jewellery
 k - a ring of protection from magic (left tentacle) {MR+}
   (You found it on level 1 of the Dungeon)
 p - a ring of protection from fire (right tentacle) {rF+}
   (You found it on level 3 of the Dungeon)
Scrolls
 j - a scroll of magic mapping {!r}
 n - a scroll of blinking {unknown}
 o - 5 scrolls of remove curse
 t - 3 scrolls of teleportation
Potions
 c - 2 potions of curing
 f - a potion of mutation {!q!q}
 g - a potion of haste
 l - a potion of resistance
 m - a potion of might
Comestibles
 d - 4 rations
 i - a chunk of flesh


   Skills:
 + Level 5.1 Fighting
 * Level 6.2 Polearms
 - Level 3.0 Dodging
 + Level 5.0 Shields


You had 6 spell levels left.
You didn't know any spells.
Your spell library was empty.

Dungeon Overview and Level Annotations

Branches:
Dungeon (5/15)
 Temple: D:4-7

Altars:
Elyvilon
Xom

Annotations:
D:2 Natasha, Sigmund
D:3 exclusion: 2 doors
D:4 2 exclusions, Ijyb
D:5 Prince Ribbit


Innate Abilities, Weirdness & Mutations

You cannot wear most types of armour.
You are very stealthy in the water. (Stealth+)
You are amphibious.
You can wear up to eight rings at the same time.
You can use your tentacles to constrict eight enemies at once.
Your skin changes colour to match your surroundings (Stealth+).
Your rubbery body absorbs attacks. (AC +1, EV +1)


Message History

You hit the adder.
You squeeze the adder, but do no damage.
You constrict the adder. The adder bites you.
You are more poisoned.
The adder poisons you!
You hit the adder.
You kill the adder!
You feel sick. The bullfrog skeleton hits you.
You puncture the bullfrog skeleton! You grab the bullfrog skeleton.
You squeeze the bullfrog skeleton. You constrict the bullfrog skeleton.
You feel sick.
You block the bullfrog skeleton's attack.
The bullfrog skeleton hits you.
All of the chunks of flesh in your inventory have rotted away.
You hit the bullfrog skeleton. You constrict the bullfrog skeleton.
The bullfrog skeleton hits you.
You puncture the bullfrog skeleton!
You destroy the bullfrog skeleton!
You feel sick.
No target in view!
You feel sick.
There is a stone staircase leading down here.
You start resting.
You feel sick. x5
You are no longer poisoned.
You start resting.
You hear the slow rusting of a very distant drain.
An ogre comes into view. It is wielding a +0 giant club.
You see here a scroll labeled ZABBAS QUQI.
An ogre is nearby!
You start resting.
You hear the slow rusting of a very distant drain.
You see here an adder corpse.
You butcher the adder corpse.
i - a chunk of flesh You see here an adder skeleton.
An adder comes into view.
The adder hisses angrily.
The adder barely misses you.
You miss the adder. You grab the adder. You constrict the adder.
The adder bites you.
You are poisoned.
The adder poisons you!
You barely miss the adder. You squeeze the adder. You constrict the adder.
You feel sick. You block the adder's attack. The adder bites you.
You are more poisoned.
The adder poisons you!
You hit the adder.
You kill the adder!
You feel sick.
You feel sick.
You feel sick.
You feel sick.
You now have 299 gold pieces (gained 3).
You feel sick.
You feel sick.
You feel sick.
You feel sick.
o - 5 scrolls of remove curse (gained 1)
You feel sick.
You feel sick.
You found an alarm trap!
You feel sick.
You feel sick.
You feel sick.
You feel sick.
You are no longer poisoned.
You hear the slow rusting of a very distant drain.
You now have 309 gold pieces (gained 10).
There is a stone staircase leading up here.
Found a white marble altar of Elyvilon.
Marking area around Prince Ribbit as unsafe for travelling.
An orc and Prince Ribbit come into view.
Prince Ribbit gives a loud, deep croak!
The orc shouts!
Prince Ribbit blinks!
You hear the slow rusting of a very distant drain.
A centaur comes into view.
You see here a jewelled ring mail.
Press: ? - help, v - describe, . - travel
Here: Prince Ribbit The floor.
Unknown command.
You block Prince Ribbit's attack.
You closely miss Prince Ribbit. Your grab misses Prince Ribbit.
You block Prince Ribbit's attack.
You barely miss Prince Ribbit. Your grab misses Prince Ribbit.
Prince Ribbit hits you. You block Prince Ribbit's attack.
You puncture Prince Ribbit! You grab Prince Ribbit.
You constrict Prince Ribbit.
You are feeling hungry.
Prince Ribbit closely misses you.
You hit Prince Ribbit but do no damage. You constrict Prince Ribbit.
Prince Ribbit hits you. You block Prince Ribbit's attack.
You barely miss Prince Ribbit. You constrict Prince Ribbit.
Prince Ribbit hits you. The orc hits you.
You hit Prince Ribbit but do no damage. You squeeze Prince Ribbit!
You constrict Prince Ribbit. Prince Ribbit hits you!!
* * * LOW HITPOINT WARNING * * *
The orc hits you.
You die...

♣...≈≈_≈≈...♣ .....#
♣♣..≈≈≈F≈..♣♣ .....#
♣...≈≈≈...♣ .....#.
♣♣.......♣♣ ......c
♣♣.....♣♣ ....... ♣♣..o♣♣
......# ♣♣.....♣♣
##....... # ♣......F♣♣
###[.......
##♣...≈≈≈...♣##o@........
##...≈≈≈≈≈...#.F#......##
##...≈≈♣≈≈...#.####...##
.....≈≈≈≈≈.....#.#......
......≈≈≈...?........#...
.................##.###..
................!#. ..
.....÷..>..........O
..#.......<.........


You could see Prince Ribbit and an orc.

Vanquished Creatures
  Grinder (D:3)
  2 ogres
  A bullfrog skeleton (D:5)
  A centaur skeleton (D:4)
  2 orc wizards
  Jessica (D:2)
  Natasha (D:2)
  A worker ant (D:4)
  4 gnolls
  7 adders
  An ooze (D:1)
  An adder zombie (D:4)
  3 worms
  3 leopard geckos
  9 orcs
  12 bats
  6 giant cockroaches
  5 goblins
  2 hobgoblins
  An iguana (D:3)
  3 jackals (D:3)
  2 quokkas
  11 frilled lizards
  7 kobolds
  8 rats
95 creatures vanquished.

Notes
Turn   | Place    | Note
-------+----------+-------------------------------------------
     0 | D:1      | Octopork the Octopode Fighter began the quest for the Orb.
     0 | D:1      | Reached XP level 1. HP: 16/16 MP: 1/1
   367 | D:1      | Reached XP level 2. HP: 20/21 MP: 2/2
   964 | D:2      | Reached XP level 3. HP: 26/26 MP: 3/3
  1199 | D:2      | Reached skill level 3 in Polearms
  1594 | D:2      | Noticed Natasha
  1623 | D:2      | Noticed Sigmund
  1667 | D:2      | Noticed Jessica
  1675 | D:2      | Killed Jessica
  1675 | D:2      | Reached XP level 4. HP: 24/31 MP: 4/4
  2122 | D:2      | Killed Natasha
  2420 | D:3      | Noticed Grinder
  2732 | D:2      | Reached XP level 5. HP: 14/37 MP: 5/5
  2927 | D:2      | Reached skill level 4 in Polearms
  3184 | D:3      | Found a shimmering altar of Xom.
  3681 | D:3      | Noticed an ogre
  3778 | D:2      | Noticed Natasha
  3937 | D:3      | Octopork: ??tree form
  3937 | D:3      | beem: tree form[1/3]: Immobile form with -Tele, +50% HP, 20
                  | + XL/2 AC, minimal EV, rN+++, rPois, torment immunity, and
                  | gives +12 base UC damage. Unlike statue form, tree form
                  | does NOT give rot or poison immunity.
  3949 | D:3      | Paralysed by Grinder for 4 turns
  3958 | D:3      | Paralysed by Grinder for 4 turns
  3968 | D:3      | Killed Grinder
  3968 | D:3      | Reached skill level 4 in Fighting
  3968 | D:3      | Reached skill level 5 in Polearms
  3968 | D:3      | Reached skill level 4 in Shields
  3968 | D:3      | Reached XP level 6. HP: 22/44 MP: 6/6
  4388 | D:3      | Reached XP level 7. HP: 49/49 MP: 7/7
  5279 | D:4      | Noticed Ijyb
  5547 | D:4      | Reached skill level 5 in Fighting
  5547 | D:4      | Reached skill level 6 in Polearms
  5720 | D:4      | Reached skill level 5 in Shields
  5959 | D:5      | Entered Level 5 of the Dungeon
  6139 | D:5      | Found a white marble altar of Elyvilon.
  6150 | D:5      | Noticed Prince Ribbit
  6177 | D:5      | HP: 5/50 [Prince Ribbit (20)]
  6177 | D:5      | Slain by an orc

Vault maps used:
D:1:      elethiomel_arrival_infinity_welcomes_careful_drivers,
          minmay_lizard_king
D:2:      uniq_sigmund, uniq_jessica, uniq_natasha
D:3:      first_ration, dk_xom_monty_hall, uniq_grinder
D:4:      uniq_ijyb
D:5:      elyvilon_altar_3, cheibrodos_sewer_entry_bend, uniq_edmund,
          uniq_prince_ribbit1

Skill      XL: |  1  2  3  4  5  6  7 |
---------------+----------------------+-----
Polearms       | 3 5 6 |  6.2
Fighting       | 4 5 |  5.1
Shields        | 4 5 |  5.0
Dodging        | |  3.0

Action                   |  1- 3 |  4- 6 |  7- 9 || total
-------------------------+-------+-------+-------++-------
Melee: Trident           |    79 |    83 |    84 ||   246
       Constrict         |    16 |    18 |    14 ||    48
       Tentacles         |     6 |    16 |    14 ||    36
Throw: Tomahawk          |       |     3 |     4 ||     7
  Use: Scroll            |       |     4 |     7 ||    11
       Potion            |       |     2 |       ||     2
 Stab: Sleeping          |     6 |     6 |     6 ||    18
       Distracted        |       |     2 |       ||     2
  Eat: Chunk             |     2 |     9 |     5 ||    16
Armor: Skin              |     8 |    11 |     1 ||    20
Dodge: Dodged            |    18 |    22 |    21 ||    61
Block: Shield            |    18 |    20 |    25 ||    63

Table legend:
 A = Non-vault XP
 B = Vault XP
 C = Vault XP percentage of total XP
 D = Non-vault monster count
 E = Vault monster count
 F = Vault count percentage of total count
                 A         B        C        D         E       F
            +---------+---------+-------+---------+---------+-------
      Total |     722 |     353 |  32.8 |      81 |      14 |  14.7
            +---------+---------+-------+---------+---------+-------
        D:1 |      21 |      12 |  36.4 |      10 |      10 |  50.0
        D:2 |      81 |      72 |  47.1 |      21 |       2 |   8.7
        D:3 |     189 |     269 |  58.7 |      27 |       2 |   6.9
        D:4 |     360 |       0 |   0.0 |      20 |       0 |   0.0
        D:5 |      71 |       0 |   0.0 |       3 |       0 |   0.0
            +---------+---------+-------+---------+---------+-------

Table legend:
 A = Turns spent in this place as a percentage of turns spent in the entire game.
 B = Non-inter-level travel turns spent in this place as a percentage of non-inter-level travel turns spent in the entire game.
 C = Inter-level travel turns spent in this place as a percentage of turns spent in this place.
 D = Turns resting spent in this place as a percentage of non-inter-level travel turns spent in this place.
 E = Turns spent auto-exploring this place as a percentage of non-inter-level travel turns spent in this place.
 F = Non-inter-level travel turns spent in this place divided by the number of levels of this place that you've seen.
                   A       B       C       D       E      F
               +-------+-------+-------+-------+-------+----------------------
         Total | 100.0 | 100.0 |   9.5 |  29.0 |  44.9 | 1118.6
       Dungeon | 100.0 | 100.0 |   9.5 |  29.0 |  44.9 | 1118.6
               +-------+-------+-------+-------+-------+----------------------

Table legend:
 A = Kills in this place as a percentage of kills in entire the game.
 B = Kills by you in this place as a percentage of kills by you in the entire game.
 C = Kills by friends in this place as a percentage of kills by friends in the entire game.
 D = Other kills in this place as a percentage of other kills in the entire game.
 E = Experience gained in this place as a percentage of experience gained in the entire game.
 F = Experience gained in this place divided by the number of levels of this place that you have seen.
                   A       B       C       D       E      F
               +-------+-------+-------+-------+-------+----------------------
         Total | 100.0 | 100.0 |   N/A |   N/A | 100.0 | 215.0
       Dungeon | 100.0 | 100.0 |   N/A |   N/A | 100.0 | 215.0
               +-------+-------+-------+-------+-------+----------------------
